 Dungeon Crawl Stone Soup version 0.29.0-4-gdea44cf6ec (webtiles) character file.

Game seed: 13208657871478326704

1 gelatine the Stinger (level 1, -2/13 HPs)
             Began as a Demonspawn Venom Mage on Aug 28, 2022.
             Killed from afar by Natasha (9 damage)
             ... with a magic dart
             ... on level 3 of the Dungeon.
             The game lasted 00:00:30 (34 turns).

gelatine the Stinger (Demonspawn Venom Mage)          Turns: 34, Time: 00:00:31

Health: -2/13      AC:  2    Str:  8    XL:     1   Next: 16%
Magic:  1/3        EV: 12    Int: 16    God:
Gold:   0          SH:  0    Dex: 13    Spells: 3/4 levels left

rFire   . . .      SeeInvis .   (no weapon)
rCold   . . .      Faith    .   (no shield)
rNeg    . . .      Spirit   .   a - +0 robe
rPois   .          Reflect  .   (no helmet)
rElec   .          Harm     .   (no cloak)
rCorr   .          Rampage  .   (no gloves)
Will    .....                   (no boots)
Stlth   ++........              (no amulet)
HPRegen 0.04/turn               (no ring)
MPRegen 0.08/turn               (no ring)

@: no status effects
A: no striking features
a: no special abilities


You were on level 3 of the Dungeon.
You visited 1 branch of the dungeon, and saw 3 of its levels.

Inventory:

Armour
 a - a +0 robe (worn)


   Skills:
 + Level 1.7 Dodging
 + Level 1.7 Stealth
 + Level 2.0 Spellcasting
 + Level 0.8 Transmutations
 + Level 3.0 Poison Magic


You had 3 spell levels left.
You knew the following spells:

 Your Spells              Type           Power      Damage    Failure   Level
a - Sting                 Tmut/Pois      28%        1d4       10%         1

Your spell library contained the following spells:

 Spells                   Type           Power      Damage    Failure   Level
 Poisonous Vapours        Pois/Air       12%        N/A       17%         2
 Mephitic Cloud           Conj/Pois/Air  4%         N/A       38%         3
 Olgreb's Toxic Radiance  Pois           11%        N/A       52%         4


Dungeon Overview and Level Annotations

Branches:
Dungeon (3/15)

Altars:

Annotations:
D:3 Natasha


Message History

You open the door.
There is an open door here.
You open the large door.
A sourceless malevolence fills the Dungeon...
You fall into a shaft and drop 1 floor!
The shaft crumbles and collapses.
An ogre comes into view. It is wielding a +0 giant club.
Found a stone staircase leading down.
The ogre shouts!
You can't see any susceptible monsters within range! (Use Z to cast anyway.)
Found an escape hatch in the floor.
The sting hits the ogre but does no damage.
The ogre is poisoned.
You miscast Sting.
You are very lightly contaminated with residual magic.
Nothing appears to happen.
The sting misses the ogre.
The ogre closely misses you.
Found 13 gold pieces.
The ogre looks more healthy.
Your magical contamination has completely faded away.
There is an escape hatch in the floor here.
You can't go up here!
You slide downwards.
The hatch slams shut behind you.
Found an amethyst potion and 5 atropa-tipped darts.
Magic courses through your body.
The endoplasm quivers.
The sting hits the quokka.
The quokka is poisoned.
The quokka is heavily wounded.
The sting hits the quokka.
The quokka looks even sicker.
The quokka is almost dead.
Natasha hisses angrily.
You kill the quokka!
Natasha casts a spell at you. The magic dart hits you.
The sting hits the endoplasm.
The endoplasm partially resists.
The endoplasm is lightly wounded.
Natasha stares at you and mumbles some strange words.
The magic dart hits you!
Ouch! That really hurt!
You die...

#######
##.....##
##.......##
#.........#
#..@......#
#...†.....#
#...!J....#
#.........#
#..(......#
#.........#
..........#
.....h.....#


You could see Natasha and an endoplasm.

Vanquished Creatures
  A quokka (D:3)
1 creature vanquished.

Notes
Turn   | Place    | Note
-------+----------+-------------------------------------------
     0 | D:1      | gelatine the Demonspawn Venom Mage began the quest for the
                  | Orb.
     0 | D:1      | Reached XP level 1. HP: 13/13 MP: 3/3
    12 | D:1      | You fall into a shaft and drop 1 floor!
    14 | D:2      | Noticed an ogre
    29 | D:3      | Noticed Natasha
    34 | D:3      | Killed from afar by Natasha

Illustrated notes

Levels and vault maps discovered:
D:1:      saegor_arrival_fortress, layout_basic, serial_corexii_hall,
          corexii_hall_statues_t, chequers_hall_statues_corner_a, serial_shops,
          shop_fountains, nicolae_shop_trees
D:2:      layout_basic, minmay_misc_feat_cross
D:3:      layout_rooms, nicolae_qazlal_style_of_elements,
          basic_ecumenical_altar, minmay_quadrilaterals, uniq_ijyb,
          uniq_sigmund, uniq_natasha

Action                   || total
-------------------------++-------
 Cast: Sting             ||     5
  Use: Potion            ||     1
Dodge: Dodged            ||     1
